 Dungeon Crawl Stone Soup version 0.30-a0-292-g0f741e3f8e (webtiles) character file.

Game seed: 10493239943769253210

28 Flugkiller the Stinger (level 3, 12/29 HPs)
             Began as a Demonspawn Wanderer on Oct 17, 2022.
             Quit the game on level 2 of the Dungeon.
             The game lasted 00:02:33 (1165 turns).

Flugkiller the Stinger (Demonspawn Wanderer)        Turns: 1165, Time: 00:02:34

Health: 12/29      AC:  2    Str: 11    XL:     3   Next: 0%
Magic:  7/7        EV: 11    Int: 13    God:
Gold:   193        SH:  0    Dex: 15    Spells: 7/8 levels left

rFire   . . .      SeeInvis .    a - +0 dagger
rCold   . . .      Faith    .    (no shield)
rNeg    . . .      Spirit   .    d - +0 robe
rPois   .          Reflect  .    (helmet restricted)
rElec   .          Harm     .    (no cloak)
rCorr   +          Rampage  .    (no gloves)
Will    .....                    (no boots)
Stlth   ++........               (no amulet)
HPRegen 0.24/turn                k - ring of resist corrosion
MPRegen 0.10/turn                (no ring)

@: no status effects
A: antennae 1, powered by death 1
a: no special abilities


You were on level 2 of the Dungeon.
You visited 1 branch of the dungeon, and saw 2 of its levels.

You collected 193 gold pieces.

Inventory:

Hand Weapons
 a - a +0 dagger (weapon)
Armour
 b - a +0 helmet
 d - a +0 robe (worn)
Jewellery
 k - a ring of resist corrosion (left hand)
   (You found it on level 1 of the Dungeon)
Scrolls
 c - a scroll of fear
 f - a scroll of poison
 i - a scroll of enchant weapon
 l - a scroll of teleportation {unknown}
 m - a scroll of vulnerability {unknown}
 n - a scroll of butterflies {unknown}
Potions
 e - 2 potions of brilliance {unknown}
 g - a potion of flight {unknown}
 j - a potion of invisibility {unknown}
 q - a potion of curing


   Skills:
 + Level 3.0 Fighting
 - Level 1.7 Stealth
 - Level 3.0 Spellcasting
 - Level 3.0 Poison Magic
 - Level 1.0 Evocations


You had 7 spell levels left.
You knew the following spells:

 Your Spells              Type           Power      Damage    Failure   Level
a - Sting                 Tmut/Pois      20%        1d4       12%         1

Your spell library contained the following spells:

 Spells                   Type           Power      Damage    Failure   Level
 Poisonous Vapours        Pois/Air       10%        N/A       19%         2
 Foxfire                  Conj/Fire      4%         2x1d4     22%         1
 Freeze                   Ice            4%         1d3       22%         1
 Spider Form              Tmut/Pois      5%         N/A       36%         3
 Ignite Poison            Fire/Tmut/Pois 4%         N/A       41%         3
 Olgreb's Toxic Radiance  Pois           9%         N/A       54%         4
 Frozen Ramparts          Ice            2%         1d1       56%         3
 Summon Ice Beast         Ice/Summ       1%         N/A       92%         4
 Ignition                 Fire           0%         3d3       100%        8


Dungeon Overview and Level Annotations

Branches:
Dungeon (2/15) Zot: 10830

Altars:

Shops:
D:1 ?   D:2 =


Innate Abilities, Weirdness & Mutations

You have a pair of small antennae on your head.
You regenerate a little health from kills.


Message History

Things that are here:
a +0 club; a goblin corpse
Things that are here:
a +0 club; a goblin corpse
There is an open door here.
There is a fountain of clear blue water here.
There is an open door here.
There is an open door here.
You see here a +0 dagger.
h - 2 scrolls labelled OMALUM LUUF (gained 1)
An endoplasm comes into view.
An endoplasm is nearby!
An endoplasm is nearby!
The helpless endoplasm fails to defend itself.
You hit the endoplasm.
The endoplasm is heavily wounded.
The endoplasm freezes you.
You are frozen.
You hit the endoplasm.
You kill the endoplasm!
No target in view!
No target in view!
No target in view!
Found 5 stones.
A bat comes into view.
A bat is nearby!
The bat misses you.
You hit the bat.
The bat is moderately wounded.
The bat closely misses you. The bat barely misses you.
You barely miss the bat.
The bat is moderately wounded.
The bat hits you but does no damage. The bat barely misses you.
You hit the bat.
You kill the bat!
Training target 3.0 for Fighting reached!
Your Fighting skill increases to level 3!
You need to enable at least one skill for training.
Okay, then.
Okay, then.
As you read the scroll labelled OMALUM LUUF, it crumbles to dust.
It is a scroll of identify.
f - a scroll of poison;
r - a scroll of identify
As you read the scroll of identify, it crumbles to dust.
i - a scroll of enchant weapon Done exploring.
Done exploring.
Done exploring.
(D) Dungeon
Where to? (Enter - D:2 @ (x,y), ? - help)
There is an open door here.
There is a stone staircase leading down here.
You climb downwards.
There is a stone staircase leading up here.
Unknown command.
An endoplasm comes into view.
An endoplasm is nearby!
The endoplasm quivers.
You hit the endoplasm.
The endoplasm is lightly wounded.
The endoplasm hits you.
You hit the endoplasm.
The endoplasm is heavily wounded.
The endoplasm freezes you.
You are frozen.
You hit the endoplasm.
The endoplasm is heavily wounded.
The endoplasm freezes you.
You are frozen.
You hit the endoplasm.
The endoplasm is almost dead.
The endoplasm freezes you.
You are frozen.
You hit the endoplasm but do no damage.
The endoplasm is almost dead.
The endoplasm barely misses you.
You are too injured to fight recklessly!
You barely miss the endoplasm.
The endoplasm is almost dead.
The endoplasm barely misses you.
You barely miss the endoplasm.
The endoplasm is almost dead.
The endoplasm freezes you.
You are frozen.
You hit the endoplasm but do no damage.
The endoplasm is almost dead.
The endoplasm freezes you.
You are frozen.
You hit the endoplasm but do no damage.
The endoplasm is almost dead.
The endoplasm hits you but does no damage.
You hit the endoplasm.
You kill the endoplasm!
You have reached level 3!
Your experience leads to an increase in your attributes!
Increase (S)trength, (I)ntelligence, or (D)exterity?
You feel agile. x2; Your demonic ancestry asserts itself...
A pair of antennae grows on your head!
Your +0 helmet falls away!
Are you sure you want to abandon this character and quit the game? (Confirm with "yes".)

#.#.# #. #.#.# #.
.. ##.. .. ##...
....~≈ ###
.#~.~≈##.##
.....≈..#.####.####
#....@.......
###.####.###### #
#...# .# #.#~..# .#
#.≈≈..####.#
#≈≈.≈....#.#
#≈#.≈###.#.# #≈≈##~
#.#.# #≈ .# #.#


There were no monsters in sight!

Vanquished Creatures
  2 ball pythons (D:1)
  4 endoplasms
  A giant cockroach (D:1)
  4 goblins (D:1)
  A hobgoblin (D:1)
  A quokka (D:1)
  4 bats (D:1)
  3 frilled lizards (D:1)
  5 kobolds (D:1)
25 creatures vanquished.

Vanquished Creatures (others)
  4 fungi (D:1)
  3 toadstools (D:1)
7 creatures vanquished.

Grand Total: 32 creatures vanquished

Notes
Turn   | Place    | Note
-------+----------+-------------------------------------------
     0 | D:1      | Flugkiller the Demonspawn Wanderer began the quest for the
                  | Orb.
     0 | D:1      | Flugkiller set off with the following items: a +0 dagger, a
                  | +0 helmet, a scroll of fear, a +0 robe, a potion of curing;
                  | and the following spell memorised: Sting; and the following
                  | spells available to memorise: Spider Form, Ignite Poison.
     0 | D:1      | Reached XP level 1. HP: 15/15 MP: 4/4
   304 | D:1      | Found Zutov's Magic Scroll Shoppe.
   377 | D:1      | Gained mutation: You regenerate a little health from kills.
                  | [demonic ancestry]
   377 | D:1      | Reached XP level 2. HP: 22/22 MP: 6/6
   395 | D:1      | Found a faded altar of an unknown god.
   445 | D:1      | Got Plato's Anthology of Arcane Weapons
   527 | D:1      | You fall into a shaft and drop 1 floor!
   604 | D:2      | Found Laxkyn's Jewellery Shop.
   606 | D:2      | Got the Folio of Polar Conflagration
  1165 | D:2      | Gained mutation: You have a pair of small antennae on your
                  | head. [demonic ancestry]
  1165 | D:2      | Reached XP level 3. HP: 12/29 MP: 7/7
  1165 | D:2      | Quit the game

Illustrated notes

Levels and vault maps discovered:
D:1:      scummos_arrival_star, layout_basic,
          shapermc_ecumenical_altar_rom_forum, serial_shops,
          nicolae_shop_waterfront, serial_park_tiny_1, minmay_gold_behind_fungi,
          minmay_fountain_box
D:2:      layout_loops_ring, serial_shops, nicolae_diamond_shop, serial_rivers,
          chequers_serial_rivers_micro_e, chequers_serial_rivers_large_a,
          chequers_serial_rivers_small_b, chequers_serial_rivers_micro_e,
          chequers_serial_rivers_small_b, hangedman_decor_growths,
          minmay_surrounded

Skill      XL: |  1  2 |
---------------+-------+-----
Fighting       | 2 3 |  3.0
Stealth        | |  1.7
Spellcasting   | |  3.0
Poison Magic   | |  3.0
Evocations     | |  1.0

Action                   || total
-------------------------++-------
Melee: Dagger            ||   115
  Use: Scroll            ||     2
 Stab: Sleeping          ||     5
Armor: Robe              ||    28
Dodge: Dodged            ||    63

Table legend: (Time is in decaauts)
 A = Elapsed time spent in this place.
 B = Non-inter-level travel time spent in this place.
 C = Inter-level travel time spent in this place.
 D = Time resting spent in this place.
 E = Time spent auto-exploring this place.
 F = Levels seen in this place.
 G = Mean time per level.
                   A        B        C        D        E       F      G
               +--------+--------+--------+--------+--------+-----+--------+
         Total |   1169 |   1102 |     67 |    162 |    673 |   2 |  584.5 |
       Dungeon |   1169 |   1102 |     67 |    162 |    673 |   2 |  584.5 |
               +--------+--------+--------+--------+--------+-----+--------+

Top non-repeatable levels by time:
     D:1: 1035 daAuts
     D:2: 133 daAuts
